 Dungeon Crawl Stone Soup version 0.28.0 (webtiles) character file.

Game seed: 17476454602649773445

107 Deca the Chopper (level 4, -2/38 HPs)
             Began as a Minotaur Gladiator on Feb 14, 2022.
             Was an Initiate of Ru.
             Slain by a gnoll (6 damage)
             ... on level 3 of the Dungeon.
             The game lasted 00:06:50 (3094 turns).

Deca the Chopper (Minotaur Gladiator)               Turns: 3094, Time: 00:06:51

Health: -2/38      AC:  3    Str: 20    XL:     4   Next: 57%
Magic:  3/3        EV: 12    Int:  5    God:    Ru [......]
Gold:   103        SH:  3    Dex: 12    Spells: 3/3 levels left

rFire   . . .      SeeInvis .   a - +0 war axe
rCold   . . .      Faith    .   x - +0 buckler
rNeg    . . .      Spirit   .   b - +0 leather armour
rPois   .          Reflect  .   c - +0 hat
rElec   .          Harm     .   (no cloak)
rCorr   .          Rampage  .   (no gloves)
Will    .....                   (no boots)
Stlth   +.........              (no amulet)
HPRegen 0.12/turn               (no ring)
MPRegen 0.08/turn               (no ring)

@: no status effects
A: horns 2, retaliatory headbutt
a: Renounce Religion, Sacrifice a Hand, Sacrifice Arcana, Sacrifice Courage,
Reject Sacrifices


You were on level 3 of the Dungeon.
You worshipped Ru.
Ru was noncommittal.
You visited 1 branch of the dungeon, and saw 3 of its levels.

You collected 103 gold pieces.

Inventory:

Hand Weapons
 a - a +0 war axe (weapon)
Missiles
 d - 3 throwing nets (quivered)
Armour
 b - a +0 leather armour (worn)
 c - a +0 hat (worn)
 x - a +0 buckler (worn)
Jewellery
 k - a ring of positive energy
 t - a +6 ring of intelligence
Wands
 q - a wand of flame (19)
 w - a wand of polymorph (13)
Scrolls
 l - a scroll of vulnerability {unknown}
 o - a scroll of teleportation {unknown}
 p - 2 scrolls of immolation {unknown}
 s - a scroll of identify {unknown}
 u - a scroll of enchant weapon {unknown}
 v - a scroll of fog {unknown}
 y - a scroll of magic mapping {unknown}
Potions
 e - a potion of might {unknown}
 f - a potion of berserk rage {unknown}
 g - 2 potions of degeneration {unknown}
 h - a potion of curing {unknown}
 i - a potion of cancellation {unknown}
 j - a potion of mutation {unknown}
 m - a potion of lignification {unknown}
 n - a potion of heal wounds {unknown}
 r - a potion of magic {unknown}
 z - a potion of brilliance {unknown}


   Skills:
 + Level 3.5 Fighting
 + Level 4.5 Axes
 - Level 2.0 Throwing
 + Level 2.2 Armour
 + Level 4.0 Dodging
 + Level 0.6 Shields


You had 3 spell levels left.
You didn't know any spells.
Your spell library contained the following spells:

 Spells                   Type           Power      Damage    Failure   Level
 Beastly Appendage        Tmut           0%         N/A       65%         1
 Corpse Rot               Necr/Air       0%         N/A       78%         2
 Wereblood                Tmut           0%         N/A       78%         2
 Spider Form              Tmut/Pois      0%         N/A       95%         3
 Dispel Undead            Necr           0%         3d6       100%        4
 Blade Hands              Tmut           0%         N/A       100%        5
 Irradiate                Conj/Tmut      0%         3d13      100%        5
 Summon Forest            Summ/Tloc      0%         N/A       100%        5
 Summon Mana Viper        Hex/Summ       0%         N/A       100%        5
 Death Channel            Necr           0%         N/A       100%        6
 Summon Cactus Giant      Summ           0%         N/A       100%        6
 Dragon Form              Tmut           0%         N/A       100%        7


Dungeon Overview and Level Annotations

Branches:
Dungeon (3/15)

Altars:
Hepliaklqana
Ru


Innate Abilities, Weirdness & Mutations

You have a pair of horns on your head.
You reflexively headbutt those who attack you in melee.


Message History

The gnoll is heavily wounded.
The gnoll closely misses you. The gnoll hits you with a +0 club.
* * * LOW HITPOINT WARNING * * *
The gnoll completely misses you.
You hit the gnoll.
The gnoll is severely wounded.
The gnoll misses you.
The gnoll hits you from afar with a +0 spear.
* * * LOW HITPOINT WARNING * * *
You closely miss the gnoll.
The gnoll is severely wounded.
The gnoll closely misses you. The gnoll barely misses you.
The gnoll closely misses you. You furiously retaliate!
You headbutt the gnoll. You hit the gnoll but do no damage.
Your headbutt misses the gnoll.
The gnoll is severely wounded.
The gnoll misses you. The gnoll closely misses you.
You block the gnoll's attack.
You closely miss the gnoll.
The gnoll is severely wounded.
The gnoll closely misses you. The gnoll misses you.
You block the gnoll's attack.
You slash the gnoll!
You kill the gnoll!
The gnoll hits you from afar with a +0 spear.
* * * LOW HITPOINT WARNING * * *
Okay, then.
Okay, then.
The gnoll hits you from afar with a +0 spear.
* * * LOW HITPOINT WARNING * * *
You block the gnoll's attack. The gnoll closely misses you.
You are too injured to fight recklessly!
You are too injured to fight recklessly!
You slash the gnoll!
You kill the gnoll!
The gnoll closely misses you. You block the gnoll's attack.
Okay, then.
The gnoll hits you from afar with a +0 spear.
You die...

###.....##############.#
#......................#
#)#.....##..............
#.####### #############
#.# #.# #.########
#....g...#.####
#......@.......
##.......#.....
#.........# ....
#...####### ... #...# ..
#...# . #...#


You could see a gnoll.

Vanquished Creatures
  An adder (D:2)
  3 gnolls (D:3)
  A worm (D:2)
  2 dart slugs
  An orc (D:3)
  4 ball pythons
  2 endoplasms
  5 giant cockroaches
  6 goblins
  6 hobgoblins
  4 jackals (D:2)
  A quokka (D:1)
  5 bats
  5 frilled lizards
  7 kobolds
  4 rats
57 creatures vanquished.

Notes
Turn   | Place    | Note
-------+----------+-------------------------------------------
     0 | D:1      | Deca the Minotaur Gladiator began the quest for the Orb.
     0 | D:1      | Reached XP level 1. HP: 18/18 MP: 0/0
   228 | D:1      | Found a faded altar of an unknown god.
   230 | D:1      | Reached XP level 2. HP: 25/25 MP: 1/1
   244 | D:1      | Prayed at the altar of an unknown god.
   244 | D:1      | Became a worshipper of Ru the Awakened
   289 | D:1      | Reached skill level 1 in Armour
   816 | D:1      | Reached XP level 3. HP: 31/31 MP: 2/2
  1272 | D:2      | Found a hazy altar of Hepliaklqana.
  1972 | D:2      | Reached XP level 4. HP: 32/38 MP: 3/3
  3072 | D:3      | HP: 1/38 [gnoll (3)]
  3094 | D:3      | Slain by a gnoll

Illustrated notes

Levels and vault maps discovered:
D:1:      matt_arrival_refuge, layout_basic, ebering_ecumenical_altar_ruins,
          hex_tiny, kennysheep_small_spiral
D:2:      layout_basic, basic_altar
D:3:      layout_basic, corexii_hall_statues_i

Skill      XL: |  1  2  3  4 |
---------------+-------------+-----
Armour         | 1 2 |  2.2
Axes           | 4 |  4.5
Fighting       | 3 |  3.5
Dodging        | 4 |  4.0
Throwing       | |  2.0
Shields        | |  0.6

Action                   |  1- 3 |  4- 6 || total
-------------------------+-------+-------++-------
Melee: War axe           |    86 |    19 ||   105
       Headbutt          |    10 |     1 ||    11
 Stab: Sleeping          |       |     1 ||     1
Armor: Leather armour    |    27 |       ||    27
Dodge: Dodged            |    57 |    23 ||    80
Block: Buckler           |       |     5 ||     5
